 Dungeon Crawl Stone Soup version 0.26.1-11-gd32895ea62 (webtiles) character file.

Game seed: 11089862168033792914

10226 MisterFreud the Fighter (level 11, -9/86 (89) HPs)
             Began as a Gnoll Abyssal Knight on May 15, 2021.
             Was a High Priest of Lugonu.
             Killed from afar by Erica (20 damage)
             ... with a lance of force
             ... on level 10 of the Dungeon.
             The game lasted 00:21:44 (14092 turns).

MisterFreud the Fighter (Gnoll Abyssal Knight)     Turns: 14092, Time: 00:21:45

HP:   -9/86 (89)    AC: 11    Str: 23      XL:     11   Next: 58%
MP:   21/21         EV: 17    Int: 26      God:    Lugonu [*****.]
Gold: 844           SH:  0    Dex: 16 (17) Spells: 18/23 levels left

rFire    . . .     SeeInvis .   S - +1 trident (venom)
rCold    . . .     Faith    +   (no shield)
rNeg     + + .     Spirit   .   x - +1 leather armour of the Onion {*Contam *Corrode Regen+ Int+9}
rPois    .         Reflect  .   h - +0 helmet
rElec    .         Harm     .   t - +2 cloak {Will+}
rCorr    .         Rampage  .   (no gloves)
Will     +....                  P - +0 pair of boots
Stlth    +++.......             I - amulet of faith
HPRegen  0.64/turn              a - +6 ring of dexterity
MPRegen  0.17/turn              G - ring of Lagoocak {+Fly rN++ Str+8 Dex-4}

@: lightly drained
A: distributed training, fangs 1, strong nose
a: Renounce Religion, Evoke Flight, Depart the Abyss, Bend Space, Banish,
Corrupt, Enter the Abyss


You were on level 10 of the Dungeon.
You worshipped Lugonu.
Lugonu was extremely pleased with you.
You visited 1 branch of the dungeon, and saw 10 of its levels.
You visited the Abyss 1 time.

You collected 844 gold pieces.

Inventory:

Hand Weapons
 s - a +2 quarterstaff of chaos
 v - a +0 antimagic trident
 D - a +3 flail of holy wrath
 S - a +1 trident of venom (weapon)
Missiles
 c - 486 stones
 d - 20 boomerangs (quivered)
 e - 3 throwing nets
 m - 50 poisoned darts
 H - 67 sling bullets
Armour
 b - a +0 leather armour
 h - a +0 helmet (worn)
 n - a scarf of harm
 t - a +2 cloak of willpower (worn)
 x - the +1 leather armour of the Onion (worn) {*Contam *Corrode Regen+ Int+9}
   (You found it on level 9 of the Dungeon)

   It affects your intelligence (+9).
   It causes magical contamination when unequipped.
   It increases your rate of regeneration.
   It may corrode you when you take damage.
 E - a +0 leather armour
 P - a +0 pair of boots (worn)
 R - a +2 robe of resistance
Jewellery
 a - a +6 ring of dexterity (left hand)
 i - an uncursed ring of poison resistance
 p - an uncursed ring of flight
 u - an uncursed ring of fire
 G - the ring of Lagoocak (right hand) {+Fly rN++ Str+8 Dex-4}
   (You found it on level 6 of the Dungeon)

   [ring of flight]

   It affects your strength (+8).
   It affects your dexterity (-4).
   It greatly protects you from negative energy.
   It lets you fly.
 I - an amulet of faith (around neck)
 K - a +6 ring of strength
 T - an uncursed amulet of magic regeneration {unknown}
 U - a +6 ring of intelligence {unknown}
Wands
 y - a wand of random effects (24)
 M - a wand of polymorph (8)
 O - a wand of iceblast (7)
 Q - a wand of acid (7)
Scrolls
 l - 4 scrolls of fog
 o - 3 scrolls of blinking
 B - a scroll of enchant armour
 C - 3 scrolls of amnesia
 J - a scroll of identify
 L - a scroll of magic mapping
 N - a scroll of enchant weapon
Potions
 f - 2 potions of invisibility
 g - 2 potions of might
 j - 3 potions of curing
 k - a potion of magic
 q - a potion of attraction
 r - 2 potions of brilliance
 w - a potion of resistance
 z - a potion of lignification
 A - 2 potions of flight
 F - 2 potions of berserk rage


   Skills:
 + Level 9.5 Fighting
 + Level 8.3 Short Blades
 + Level 6.8 Long Blades
 + Level 6.8 Axes
 + Level 6.8 Maces & Flails
 + Level 6.8 Polearms
 + Level 6.8 Staves
 + Level 6.8 Slings
 + Level 6.8 Bows
 + Level 6.8 Crossbows
 + Level 6.8 Throwing
 + Level 8.3 Armour
 + Level 7.4 Dodging
 + Level 6.8 Stealth
 + Level 6.8 Shields
 + Level 6.8 Unarmed Combat
 + Level 6.8 Spellcasting
 + Level 5.7 Conjurations
 + Level 5.7 Hexes
 + Level 5.7 Summonings
 + Level 5.7 Necromancy
 + Level 5.7 Translocations
 + Level 5.7 Transmutations
 + Level 5.7 Fire Magic
 + Level 5.7 Ice Magic
 + Level 5.7 Air Magic
 + Level 5.7 Earth Magic
 + Level 5.7 Poison Magic
 + Level 8.9 Invocations
 + Level 6.8 Evocations


You had 18 spell levels left.
You knew the following spells:

 Your Spells              Type           Power        Failure   Level
a - Blink                 Tloc           N/A          1%          2
b - Mephitic Cloud        Conj/Pois/Air  38%          1%          3

Your spell library contained the following spells:

 Spells                   Type           Power        Failure   Level
 Animate Skeleton         Necr           76%          1%          1
 Apportation              Tloc           76%          1%          1
 Corona                   Hex            42%          1%          1
 Magic Dart               Conj           100%         1%          1
 Summon Small Mammal      Summ           100%         1%          1
 Call Imp                 Summ           38%          1%          2
 Slow                     Hex            38%          1%          2
 Conjure Flame            Conj/Fire      38%          1%          3
 Bolt of Magma            Conj/Fire/Erth 19%          19%         5
 Iskenderun's Battlesphe  Conj           38%          19%         5
 Iron Shot                Conj/Erth      19%          71%         6
 Orb of Destruction       Conj           19%          99%         7
 Spellforged Servitor     Conj/Summ      19%          99%         7


Dungeon Overview and Level Annotations

Branches:
Dungeon (10/15)            Temple (0/1) D:6            Lair (0/6) D:8
    Orc: D:9-12

Altars:
Ashenzari
Cheibriados
Dithmenos
Elyvilon
Fedhas
Gozag
Hepliaklqana
Kikubaaqudgha
Makhleb
Nemelex Xobeh
Qazlal
Ru
Sif Muna
Trog
Uskayaw
Xom
Beogh

Shops:
D:6 =(:(   D:8 }

Annotations:
D:3 3 runed translucent doors, GrimJard's ghost, amateur DrBe
D:6 3 runed translucent doors, SergentPoivreBleu's ghost, novice GrEE; T2blue's ghost, novice VSAM; ZZKoverts's ghost, novice GnWn; raph's ghost, novice DrWz; solarlight's ghost, novice OgGl
D:10 Erica


Innate Abilities, Weirdness & Mutations

Your experience applies equally to all skills.
You have very sharp teeth.
Your uncanny sense of smell can sniff out nearby items.


Message History

You feel less confused. Something hits you! Something burns you.
Something completely misses you.
You hear some strange, mumbled words.
A lance of force appears from out of thin air!
The lance of force hits you!
* * * LOW HITPOINT WARNING * * *
You are knocked back by the lance of force.
You slam into the rock wall!
* * * LOW HITPOINT WARNING * * *
You hit something. Something hits you but does no damage.
You miss something. You punch something. Something hits you.
* * * LOW HITPOINT WARNING * * *
Something burns you.
* * * LOW HITPOINT WARNING * * *
You barely miss something.
You hear some strange, mumbled words.
A lance of force appears from out of thin air!
The lance of force hits you!!
You die...

#.# ###.# ##########
#...# #........##
#...## #..........
##..#<## #..........
#...##.###..........
#...###..#..........
#.{.# ##............
#..@# ##........(..
#...# #......>..(#
##..# #..........(
#### ##.......####
#.......## #########


There were no monsters in sight!

Vanquished Creatures
  Erolcha (D:9)
  Harold (D:10)
  A centaur warrior (D:10)
  Pikel (D:8)
  Psyche (D:8)
  A polar bear (shapeshifter) (D:8)
  Grinder (D:5)
  8 yaks
  Sigmund (D:6)
  Menkaure (D:4)
  Edmund (D:5)
  A water moccasin (D:9)
  Duvessa (D:4)
  2 phantoms
  2 sky beasts
  2 ice beasts
  A black bear (D:9)
  8 orc warriors
  2 necrophages
  2 centaurs
  2 lemures (D:8)
  7 bullfrogs
  A big kobold (D:10)
  Dowan (D:4)
  5 scorpions
  11 killer bees
  4 wights (D:10)
  2 electric eels (D:9)
  A centaur zombie (D:4)
  A quasit (D:10)
  A bullfrog zombie (D:7)
  3 jellies
  4 orc priests
  2 bullfrog skeletons
  6 hounds
  Crazy Yiuf (D:4)
  Natasha (D:4)
  2 iguanas (D:9)
  6 orc wizards
  3 worker ants
  3 hound zombies
  2 hound skeletons
  7 gnolls
  5 adders
  2 shadow imps
  A white imp (D:8)
  2 ufetubi
  An ooze (D:2)
  An adder zombie (D:5)
  An adder skeleton (D:9)
  3 worms (D:2)
  3 dart slugs (D:1)
  7 leopard geckos
  37 orcs
  A ball python (D:1)
  3 giant cockroaches
  7 goblins
  5 hobgoblins
  10 jackals
  A quokka (D:4)
  8 bats
  3 frilled lizards
  14 kobolds
  9 rats
239 creatures vanquished.

Vanquished Creatures (others)
  A shadow imp (D:8)
  3 fungi (D:8)
  36 plants
40 creatures vanquished.

Grand Total: 279 creatures vanquished

Notes
Turn   | Place    | Note
-------+----------+-------------------------------------------
     0 | Abyss:1  | MisterFreud the Gnoll Abyssal Knight began the quest for
                  | the Orb.
     0 | Abyss:1  | Reached XP level 1. HP: 23/23 MP: 3/3
    11 | D:1      | Escaped the Abyss
   104 | D:1      | Reached XP level 2. HP: 23/29 MP: 5/5
   590 | D:1      | Reached XP level 3. HP: 34/35 MP: 6/6
   869 | D:1      | Reached ** piety under Lugonu
  1394 | D:2      | Found a snail-covered altar of Cheibriados.
  1397 | D:2      | Found a shimmering altar of Xom.
  1397 | D:2      | Found a hide-covered altar of Uskayaw.
  1402 | D:2      | Found an opulent altar of Gozag.
  1499 | D:2      | Found a sparkling altar of Nemelex Xobeh.
  1517 | D:2      | Reached skill level 1 in Long Blades
  1517 | D:2      | Reached skill level 1 in Axes
  1517 | D:2      | Reached skill level 1 in Maces & Flails
  1517 | D:2      | Reached skill level 1 in Polearms
  1517 | D:2      | Reached skill level 1 in Staves
  1517 | D:2      | Reached skill level 1 in Slings
  1517 | D:2      | Reached skill level 1 in Bows
  1517 | D:2      | Reached skill level 1 in Crossbows
  1517 | D:2      | Reached skill level 1 in Throwing
  1517 | D:2      | Reached skill level 1 in Stealth
  1517 | D:2      | Reached skill level 1 in Shields
  1517 | D:2      | Reached skill level 1 in Unarmed Combat
  1517 | D:2      | Reached skill level 1 in Spellcasting
  1517 | D:2      | Reached skill level 1 in Evocations
  1718 | D:3      | Reached XP level 4. HP: 37/41 MP: 7/7
  2562 | D:2      | Reached skill level 1 in Conjurations
  2562 | D:2      | Reached skill level 1 in Hexes
  2562 | D:2      | Reached skill level 1 in Summonings
  2562 | D:2      | Reached skill level 1 in Necromancy
  2562 | D:2      | Reached skill level 1 in Translocations
  2562 | D:2      | Reached skill level 1 in Transmutations
  2562 | D:2      | Reached skill level 1 in Fire Magic
  2562 | D:2      | Reached skill level 1 in Ice Magic
  2562 | D:2      | Reached skill level 1 in Air Magic
  2562 | D:2      | Reached skill level 1 in Earth Magic
  2562 | D:2      | Reached skill level 1 in Poison Magic
  2740 | D:2      | Reached XP level 5. HP: 32/47 MP: 8/8
  3062 | D:3      | Found a runed translucent gate.
  3062 | D:3      | Found a runed translucent gate.
  3062 | D:3      | Found a runed translucent gate.
  3063 | D:3      | Found a roughly hewn altar of Beogh.
  3063 | D:3      | Identified the cursed +3 dagger of the Inferno {freeze,
                  | rPois}
  3063 | D:3      | Noticed GrimJard's ghost (amateur DrBe)
  3440 | D:3      | Found a shimmering blue altar of Sif Muna.
  3811 | D:4      | Found a runed translucent door.
  3812 | D:4      | Noticed Crazy Yiuf
  3819 | D:4      | Killed Crazy Yiuf
  3864 | D:4      | Noticed Duvessa
  3865 | D:4      | Noticed Dowan
  3873 | D:4      | Killed Duvessa
  3874 | D:4      | Reached skill level 5 in Invocations
  3874 | D:4      | Reached XP level 6. HP: 34/53 MP: 9/9
  3876 | D:4      | Killed Dowan
  3877 | D:4      | Reached skill level 5 in Short Blades
  3877 | D:4      | Reached skill level 5 in Armour
  4096 | D:4      | Noticed Menkaure
  4116 | D:4      | Killed Menkaure
  4117 | D:4      | Reached XP level 7. HP: 40/59 MP: 10/10
  4122 | D:4      | Reached skill level 7 in Fighting
  4895 | D:4      | Noticed Natasha
  4903 | D:4      | Killed Natasha
  4934 | D:5      | Entered Level 5 of the Dungeon
  4998 | D:5      | Found a sacrificial altar of Ru.
  5032 | D:5      | Reached *** piety under Lugonu
  5060 | D:5      | Reached skill level 8 in Fighting
  5060 | D:5      | Reached skill level 5 in Long Blades
  5060 | D:5      | Reached skill level 5 in Axes
  5060 | D:5      | Reached skill level 5 in Maces & Flails
  5060 | D:5      | Reached skill level 5 in Polearms
  5060 | D:5      | Reached skill level 5 in Staves
  5060 | D:5      | Reached skill level 5 in Slings
  5060 | D:5      | Reached skill level 5 in Bows
  5060 | D:5      | Reached skill level 5 in Crossbows
  5060 | D:5      | Reached skill level 5 in Throwing
  5060 | D:5      | Reached skill level 5 in Dodging
  5060 | D:5      | Reached skill level 5 in Stealth
  5060 | D:5      | Reached skill level 5 in Shields
  5060 | D:5      | Reached skill level 5 in Unarmed Combat
  5060 | D:5      | Reached skill level 5 in Spellcasting
  5060 | D:5      | Reached skill level 5 in Evocations
  5060 | D:5      | Reached XP level 8. HP: 69/69 MP: 11/15
  5177 | D:5      | Noticed Edmund
  5188 | D:5      | Killed Edmund
  5355 | D:5      | Found a white marble altar of Elyvilon.
  5384 | D:5      | Noticed Grinder
  5402 | D:5      | Killed Grinder
  5403 | D:5      | Reached XP level 9. HP: 47/75 MP: 16/16
  5651 | D:5      | Found a bloodstained altar of Trog.
  6145 | D:6      | Found a runed translucent gate.
  6145 | D:6      | Noticed raph's ghost (novice DrWz)
  6146 | D:6      | Found a runed translucent gate.
  6146 | D:6      | Found a runed translucent gate.
  6146 | D:6      | Noticed solarlight's ghost (novice OgGl)
  6146 | D:6      | Noticed T2blue's ghost (novice VSAM)
  6146 | D:6      | Noticed SergentPoivreBleu's ghost (novice GrEE)
  6147 | D:6      | Noticed ZZKoverts's ghost (novice GnWn)
  6156 | D:6      | Found a hazy altar of Hepliaklqana.
  6251 | D:6      | Found a broken altar of Ashenzari.
  6251 | D:6      | Found a blossoming altar of Fedhas.
  6251 | D:6      | Found a shadowy altar of Dithmenos.
  6338 | D:6      | Got a scintillating iron ring
  6366 | D:6      | Found Valure's Jewellery Emporium.
  6368 | D:6      | Identified the ring of Lagoocak {+Fly rN++ Str+8 Dex-4}
                  | (You found it on level 6 of the Dungeon)
  6413 | D:6      | Found a staircase to the Ecumenical Temple.
  6501 | D:6      | Found Bokkat's Weapon Boutique.
  6515 | D:6      | Found Istyarcha's Book Shop.
  6936 | D:6      | Found Qeamm's Antique Weapon Shoppe.
  6961 | D:6      | Noticed Sigmund
  7000 | D:6      | Killed Sigmund
  7408 | D:7      | Found a bloodstained altar of Trog.
  7813 | D:7      | Found an ancient bone altar of Kikubaaqudgha.
  7813 | D:7      | Found a stormy altar of Qazlal.
  7850 | D:8      | Noticed a cane toad
  7850 | D:8      | a shapeshifter changed into a cane toad
  7854 | D:8      | Noticed a black mamba
  7854 | D:8      | a cane toad changed into a black mamba
  7855 | D:8      | Noticed a polar bear
  7855 | D:8      | a black mamba changed into a polar bear
  7865 | D:8      | Killed a polar bear
  8245 | D:8      | HP: 5/112 [something (1)]
  8743 | D:8      | Reached XP level 10. HP: 28/82 MP: 18/18
  9132 | D:8      | Found a staircase to the Lair.
  9140 | D:8      | Reached **** piety under Lugonu
  9165 | D:8      | Found Loqowaopsu's Gadget Boutique.
  9183 | D:8      | Noticed Psyche
  9192 | D:8      | Killed Psyche
  9283 | D:8      | Found a burning altar of Makhleb.
  9513 | D:8      | Reached skill level 9 in Fighting
 10025 | D:8      | Reached skill level 5 in Conjurations
 10025 | D:8      | Reached skill level 5 in Hexes
 10025 | D:8      | Reached skill level 5 in Summonings
 10025 | D:8      | Reached skill level 5 in Necromancy
 10025 | D:8      | Reached skill level 5 in Translocations
 10025 | D:8      | Reached skill level 5 in Transmutations
 10025 | D:8      | Reached skill level 5 in Fire Magic
 10025 | D:8      | Reached skill level 5 in Ice Magic
 10025 | D:8      | Reached skill level 5 in Air Magic
 10025 | D:8      | Reached skill level 5 in Earth Magic
 10025 | D:8      | Reached skill level 5 in Poison Magic
 10653 | D:9      | Noticed Pikel
 10729 | D:8      | Killed Pikel
 11455 | D:10     | Entered Level 10 of the Dungeon
 11470 | D:10     | HP: 4/83 [poisoned by a killer bee]
 11475 | D:10     | HP: 4/83 [poisoned by a killer bee]
 11483 | D:10     | HP: 3/83 [poisoned by a killer bee]
 11596 | D:10     | HP: 2/83 [wyvern (13)]
 11597 | D:10     | Reached ***** piety under Lugonu
 11603 | D:10     | HP: 4/83 [orc/+0 flail (5)]
 12390 | D:9      | Reached XP level 11. HP: 84/89 MP: 20/20
 12395 | D:9      | Got a spiked leather armour
 12725 | D:9      | Learned a level 2 spell: Blink
 12729 | D:9      | Learned a level 3 spell: Mephitic Cloud
 12821 | D:9      | Noticed Erolcha
 12835 | D:9      | Killed Erolcha
 13262 | D:9      | Identified the +1 leather armour of the Onion {*Contam
                  | *Corrode Regen+ Int+9} (You found it on level 9 of the
                  | Dungeon)
 13567 | D:10     | Noticed Harold
 13586 | D:10     | Killed Harold
 13831 | D:10     | Noticed a centaur warrior
 13869 | D:10     | Killed a centaur warrior
 14071 | D:10     | Noticed Erica
 14092 | D:10     | Killed from afar by Erica

Illustrated notes

Levels and vault maps discovered:
D:1:      dpeg_arrival_tiny_d, layout_basic, serial_forest,
          infiniplex_forest_clump_diagonal, infiniplex_forest_clump_small,
          infiniplex_forest_end_1, infiniplex_forest_clump_curved,
          infiniplex_forest_lined_3_way, infiniplex_forest_end_2,
          infiniplex_forest_end_2, infiniplex_forest_clump_tiny,
          infiniplex_forest_clump_curved, infiniplex_forest_clump_tiny,
          minmay_heptomino_l4
D:2:      layout_basic, grunt_temple_overflow_open, lemuel_crystal_altar,
          minmay_misc_feat_nine_boxes, hangedman_decor_growths
D:3:      layout_loops_corners, led_sif_pool, biasface_ghost_orc_armoury
D:4:      layout_basic, uniq_natasha, uniq_duvessa, uniq_menkaure,
          uniq_crazy_yiuf_cottage
D:5:      layout_loops_ring, elyvilon_altar_4, nicolae_ru_path_of_blood,
          trog_butcher_becter, uniq_edmund, uniq_grinder
D:6:      layout_loops_ring, nzn_hepliaklqana_mist_gate,
          gammafunk_temple_overflow_claw, minmay_temple_entry_glassed_door,
          gammafunk_ghost_cemetery, serial_shops, nicolae_shop_statue_plus,
          nicolae_shop_behind_doors, shop, shop_coins,
          hangedman_abyss_or_decor_lesser_grid, uniq_sigmund
D:7:      layout_rooms, nicolae_overflow_hidden_temple
D:8:      layout_basic, makhleb_blood_cavern_becter,
          grunt_lair_entry_orc_guard_hut, serial_glass, glass_columns_a,
          glass_columns_a, special_room [special_room_orc], serial_shops,
          kennysheep_mini, uniq_psyche
D:9:      hangedman_cross_stitches, layout_cave_pools, serial_bayou,
          serial_bayou_pond_a, serial_bayou_shore_b, serial_bayou_shore_b,
          serial_bayou_pond_c, serial_bayou_crossing, uniq_pikel, uniq_erolcha
D:10:     layout_cave_pods, uniq_erica, uniq_harold

Skill      XL: |  1  2  3  4  5  6  7  8  9 10 11 |
---------------+----------------------------------+-----
Long Blades    | 1 2 5 6 |  6.8
Axes           | 1 2 5 6 |  6.8
Maces & Flails | 1 2 5 6 |  6.8
Polearms       | 1 2 5 6 |  6.8
Staves         | 1 2 5 6 |  6.8
Slings         | 1 2 5 6 |  6.8
Bows           | 1 2 5 6 |  6.8
Crossbows      | 1 2 5 6 |  6.8
Throwing       | 1 2 5 6 |  6.8
Stealth        | 1 2 5 6 |  6.8
Shields        | 1 2 5 6 |  6.8
Unarmed Combat | 1 2 5 6 |  6.8
Spellcasting   | 1 2 5 6 |  6.8
Evocations     | 1 2 5 6 |  6.8
Conjurations   | 1 4 5 |  5.7
Hexes          | 1 4 5 |  5.7
Summonings     | 1 4 5 |  5.7
Necromancy     | 1 4 5 |  5.7
Translocations | 1 4 5 |  5.7
Transmutations | 1 4 5 |  5.7
Fire Magic     | 1 4 5 |  5.7
Ice Magic      | 1 4 5 |  5.7
Air Magic      | 1 4 5 |  5.7
Earth Magic    | 1 4 5 |  5.7
Poison Magic   | 1 4 5 |  5.7
Dodging        | 3 5 6 7 |  7.4
Invocations    | 5 7 8 |  8.9
Short Blades   | 5 7 8 |  8.3
Armour         | 5 7 8 |  8.3
Fighting       | 8 9 |  9.5

Action                   |  1- 3 |  4- 6 |  7- 9 | 10-12 || total
-------------------------+-------+-------+-------+-------++-------
Melee: Short sword       |    96 |    82 |       |       ||   178
       Bite              |     9 |    20 |    30 |    82 ||   141
       Mace              |       |    22 |       |       ||    22
       Punch             |       |     1 |       |    17 ||    18
       Quarterstaff      |       |    33 |   257 |   155 ||   445
       Unarmed           |       |       |    22 |       ||    22
       Trident           |       |       |       |   348 ||   348
Throw: Boomerang         |    20 |    16 |     6 |       ||    42
Invok: Banish            |       |       |       |     1 ||     1
Evoke: Wand              |       |       |       |     1 ||     1
  Use: Scroll            |       |    10 |     6 |    12 ||    28
       Potion            |       |       |     4 |     1 ||     5
 Stab: Sleeping          |     1 |       |     7 |     6 ||    14
       Paralysed         |       |       |     5 |     1 ||     6
       Confused          |       |       |     1 |       ||     1
       Distracted        |       |       |       |     4 ||     4
       Petrifying        |       |       |       |     1 ||     1
Armor: Leather armour    |    26 |    38 |    68 |   135 ||   267
       Skin              |       |       |     8 |       ||     8
Dodge: Dodged            |    67 |    92 |   191 |   411 ||   761
